 Dungeon Crawl Stone Soup version 0.26.1-11-gd32895ea62 (webtiles) character file.

Game seed: 100656647010775635

4201 Zeld the Frost Mage (level 10, -22/80 HPs)
             Began as a Barachi Ice Elementalist on Sept 11, 2021.
             Was an Initiate of Gozag.
             Killed from afar by Erica (37 damage)
             ... with a bolt of poison
             ... on level 8 of the Dungeon.
             The game lasted 00:30:36 (18055 turns).

Zeld the Frost Mage (Barachi Ice Elementalist)     Turns: 18055, Time: 00:30:38

Health: -22/80     AC:  6    Str: 10    XL:     10   Next: 29%
Magic:  3/20       EV: 14    Int: 19    God:    Gozag
Gold:   400        SH:  4    Dex: 12    Spells: 8/23 levels left

rFire    . . .     SeeInvis .   a - +2 dagger (drain)
rCold    + . .     Faith    .   v - +0 buckler {AC+3}
rNeg     . . .     Spirit   .   t - +0 robe {Archmagi}
rPois    .         Reflect  .   (no helmet)
rElec    .         Harm     .   (no cloak)
rCorr    .         Rampage  .   f - +0 pair of gloves
Will     .....                  (no boots)
Stlth    +++.......             w - amulet of regeneration
HPRegen  0.63/turn              i - ring of protection from cold
MPRegen  0.17/turn              (no ring)

@: lethally poisoned (-22 -> -34), can't hop, slowed, very slow
A: +LOS, swims, slowness 1, strong legs 1
a: Hop, Renounce Religion, Potion Petition, Call Merchant, Bribe Branch


You were on level 8 of the Dungeon.
You worshipped Gozag.
Gozag was aware of your devotion.
You visited 1 branch of the dungeon, and saw 8 of its levels.
You also visited: Ossuary.

You collected 1464 gold pieces.
You spent 234 gold pieces at shops.
You paid 830 gold pieces to Gozag.

Inventory:

Hand Weapons
 a - a +2 dagger of draining (weapon)
Armour
 f - a +0 pair of gloves (worn)
 t - a +0 robe of the Archmagi (worn)
 v - a +0 buckler of protection (worn)
Jewellery
 i - a ring of protection from cold (left hand)
 w - an amulet of regeneration (around neck)
Wands
 d - a wand of paralysis (4)
 e - a wand of random effects (15)
 x - a wand of acid (5)
Scrolls
 b - a scroll of blinking
 g - 7 scrolls of teleportation
 l - 8 scrolls of remove curse
 n - 2 scrolls of magic mapping
 y - a scroll of enchant weapon {unknown}
Potions
 c - 2 potions of brilliance
 h - 2 potions of haste
 j - 5 potions of heal wounds
 k - 6 potions of invisibility
 m - a potion of magic {unknown}
 o - 3 potions of attraction {unknown}
 p - a potion of might {unknown}
 q - 2 potions of mutation {unknown}
 r - 3 potions of curing {unknown}
 s - 2 potions of flight {unknown}
 u - a potion of berserk rage {unknown}


   Skills:
 * Level 8.0 Fighting
 + Level 5.4 Armour
 + Level 5.5 Dodging
 + Level 5.0 Stealth
 * Level 3.2 Shields
 * Level 7.1 Spellcasting
 * Level 9.4 Ice Magic


You had 8 spell levels left.
You knew the following spells:

 Your Spells              Type           Power        Failure   Level
a - Freeze                Ice            100%         1%          1
b - Frozen Ramparts       Ice            100%         1%          3
c - Ozocubu's Armour      Ice            59%          1%          3
d - Hailstorm             Conj/Ice       37%          16%         4
e - Summon Ice Beast      Ice/Summ       37%          16%         4

Your spell library contained the following spells:

 Spells                   Type           Power        Failure   Level
 Beastly Appendage        Tmut           20%          11%         1
 Corona                   Hex            11%          11%         1
 Slow                     Hex            10%          16%         2
 Wereblood                Tmut           10%          16%         2
 Ice Form                 Ice/Tmut       37%          16%         4
 Inner Flame              Hex/Fire       10%          32%         3
 Portal Projectile        Hex/Tloc       20%          32%         3
 Spider Form              Tmut/Pois      5%           32%         3
 Cause Fear               Hex            5%           71%         4
 Leda's Liquefaction      Hex/Erth       5%           71%         4
 Blade Hands              Tmut           5%           96%         5


Dungeon Overview and Level Annotations

Branches:
Dungeon (8/15)             Temple (0/1) D:7         Ossuary (visited)
   Lair: D:8-11

Altars:
Ashenzari
Cheibriados
Dithmenos
Elyvilon
Fedhas
Gozag
Hepliaklqana
Makhleb
Nemelex Xobeh
Ru
Trog
Uskayaw
Vehumet
Xom
Zin

Shops:
D:4 *   D:6 *

Annotations:
D:8 Erica


Innate Abilities, Weirdness & Mutations

You can be seen from farther away. (+LOS)
You can swim through water.
You cover ground slowly.
You can hop short distances.


Message History

Aiming: Corrosive Bolt
Press: ? - help, Shift-Dir - straight line, f - Erica
Aim: Erica, wielding a +1 scimitar of flaming and wearing a +2 robe of cold resistance (moderately wounded, 32% to evade)
The bolt of acid misses Erica.
Unknown command.
Aiming: Corrosive Bolt
Press: ? - help, Shift-Dir - straight line, f/p - Erica
Aim: Erica, wielding a +1 scimitar of flaming and wearing a +2 robe of cold resistance (moderately wounded, 32% to evade)
Okay, then.
Erica gestures at you while chanting.
The bolt of poison hits the nameless horror.
The nameless horror completely resists.
The bolt of poison hits you!!
You are poisoned.
* * * LOW HITPOINT WARNING * * *
Erica gestures at you while chanting.
The bolt of poison hits the nameless horror.
The nameless horror completely resists.
The bolt of poison hits you!!!
You are more poisoned.
You die...
Your body crumbles into a pile of gold.

#.###........... #.#
#####....#.. ##. ##...#.#
#.. #...... ##.# #......
##..## ####....
##....######5###....
#######......'.##F#Z######
##........@...#.#####.#####
##.........X..##))B_#O##....
#..............##.{.########
#..........@...##_..###.####
#.............(.###...#.....
#.........[..[<..####'#..###
#..................#..#.##
##............######....#
##..........## ######


You could see Erica and a nameless horror.

Vanquished Creatures
  Maggie (D:7)
  A water moccasin (D:8)
  3 ice beasts
  3 orc warriors
  A sky beast (D:7)
  4 necrophages (D:6)
  3 centaurs (D:7)
  3 ogres
  A big kobold (D:7)
  2 nameless horrors
  2 elf zombies (Ossuary)
  4 bullfrogs
  A scorpion (D:8)
  6 killer bees (D:7)
  A howler monkey (D:4)
  A centaur zombie (D:7)
  3 hounds
  A human zombie (Ossuary)
  2 jellies
  7 orc priests
  4 orc wizards
  A centaur skeleton (D:5)
  6 iguanas
  5 worker ants
  2 hound zombies (D:6)
  A hound skeleton (D:4)
  2 mummies (Ossuary)
  A howler monkey zombie (D:6)
  2 worker ant zombies (D:6)
  7 gnolls
  2 howler monkey skeletons
  11 adders
  2 shadow imps
  2 white imps
  An ufetubus (D:5)
  An adder zombie (Ossuary)
  A worm (D:2)
  2 dart slugs (D:1)
  4 leopard geckos
  19 orcs
  A ball python (D:1)
  7 bats
  6 giant cockroaches
  11 goblins
  9 hobgoblins
  2 quokkas
  4 frilled lizards
  5 goblin zombies
  9 hobgoblin zombies (Ossuary)
  A jackal skeleton (D:4)
  2 jackal zombies
  12 kobolds
  9 kobold zombies (Ossuary)
  A leopard gecko zombie (D:6)
  10 orc zombies (Ossuary)
  A quokka zombie (D:5)
  5 rats
221 creatures vanquished.

Vanquished Creatures (collateral kills)
  A two-headed ogre (D:8)
1 creature vanquished.

Vanquished Creatures (others)
  2 bushes (D:6)
  14 plants
16 creatures vanquished.

Grand Total: 238 creatures vanquished

Notes
Turn   | Place    | Note
-------+----------+-------------------------------------------
     0 | D:1      | Zeld the Barachi Ice Elementalist began the quest for the
                  | Orb.
     0 | D:1      | Reached XP level 1. HP: 13/13 MP: 3/3
   765 | D:1      | Reached XP level 2. HP: 20/20 MP: 3/5
  1071 | D:1      | Reached skill level 5 in Ice Magic
  1324 | D:1      | Reached skill level 1 in Fighting
  1347 | D:1      | Reached XP level 3. HP: 26/26 MP: 1/6
  1351 | D:1      | Learned a level 3 spell: Frozen Ramparts
  1355 | D:1      | Learned a level 3 spell: Ozocubu's Armour
  2556 | D:2      | Reached skill level 1 in Armour
  2956 | D:2      | Reached XP level 4. HP: 19/33 MP: 4/8
  3400 | D:2      | Found a radiant altar of Vehumet.
  3907 | D:3      | Reached XP level 5. HP: 38/38 MP: 1/9
  4133 | D:3      | Found a faded altar of an unknown god.
  4540 | D:4      | Found a bloodstained altar of Trog.
  5207 | D:4      | Reached XP level 6. HP: 38/46 MP: 7/11
  5212 | D:4      | Learned a level 4 spell: Hailstorm
  5293 | D:3      | Reached skill level 6 in Ice Magic
  5982 | D:4      | Found a sparkling altar of Nemelex Xobeh.
  5983 | D:4      | Found an opulent altar of Gozag.
  5988 | D:4      | Became a worshipper of Gozag Ym Sagoz the Greedy
  6146 | D:4      | Found Ewnefiw's General Store.
  6153 | D:4      | Bought a scroll of teleportation for 39 gold pieces
  6508 | D:4      | Reached XP level 7. HP: 52/52 MP: 9/12
  7053 | D:5      | Entered Level 5 of the Dungeon
  7483 | D:5      | Found a sand-covered staircase.
  7506 | Ossuary  | Entered an ossuary
  8455 | Ossuary  | Reached XP level 8. HP: 16/61 MP: 14/14
  8976 | D:5      | Found a white marble altar of Elyvilon.
  8980 | D:5      | Found a burning altar of Makhleb.
  8980 | D:5      | Found a glowing silver altar of Zin.
  9285 | D:5      | Learned a level 4 spell: Summon Ice Beast
  9296 | D:5      | Reached skill level 7 in Ice Magic
  9898 | D:5      | Reached skill level 5 in Fighting
 10170 | D:6      | Found a sacrificial altar of Ru.
 10170 | D:6      | Found a snail-covered altar of Cheibriados.
 10170 | D:6      | Found a shadowy altar of Dithmenos.
 10247 | D:6      | Reached skill level 5 in Spellcasting
 10821 | D:6      | Found a blossoming altar of Fedhas.
 10849 | D:6      | Found a broken altar of Ashenzari.
 11246 | D:6      | Reached XP level 9. HP: 63/69 MP: 17/17
 11253 | D:6      | Reached skill level 8 in Ice Magic
 12604 | D:7      | Found a staircase to the Ecumenical Temple.
 14130 | D:7      | Noticed Maggie
 14138 | D:7      | Killed Maggie
 14139 | D:7      | Reached skill level 5 in Dodging
 14638 | D:6      | Bought a +0 buckler of protection for 195 gold pieces
 15014 | D:7      | Reached skill level 1 in Shields
 15210 | D:7      | Found a hide-covered altar of Uskayaw.
 15469 | D:7      | Reached skill level 5 in Armour
 15540 | D:8      | Reached skill level 9 in Ice Magic
 15639 | D:8      | Got a scorched scale mail
 15650 | D:8      | Identified the +6 scale mail "Nuyxigiu" {rElec rPois} (You
                  | found it on level 8 of the Dungeon)
 15667 | D:8      | Noticed a two-headed ogre
 15798 | D:7      | HP: 3/72 [orc warrior/cursed -3 halberd (20)]
 16073 | D:7      | Found a hide-covered altar of Uskayaw.
 16589 | D:7      | Found a staircase to the Ecumenical Temple.
 17067 | D:7      | Reached XP level 10. HP: 73/79 MP: 14/20
 17155 | D:8      | Found a hazy altar of Hepliaklqana.
 17156 | D:8      | Found a shimmering altar of Xom.
 17287 | D:8      | Noticed a spectral ugly thing
 17287 | D:8      | Noticed a cane toad
 17513 | D:8      | Killed a two-headed ogre
 17514 | D:8      | Reached skill level 5 in Stealth
 17655 | D:8      | Noticed Erica
 18055 | D:8      | Killed from afar by Erica

Illustrated notes

Levels and vault maps discovered:
D:1:      dpeg_arrival_more_subterranean_lakeside_camping, layout_loops_ring,
          serial_bayou_pond_d
D:2:      layout_rooms, lemuel_coloured_pillars_altar, kennysheep_big_empty_room
D:3:      layout_loops_ring, chequers_ecumenical_altar_grove,
          hangedman_decor_growths
D:4:      layout_layer_cave, grunt_temple_overflow_opulence, bloody_trog,
          serial_shops, nicolae_shop_trees
D:5:      layout_basic, minitemple, enter_ossuary_4
D:6:      layout_gridville, old_standard_altar,
          gammafunk_temple_overflow_forgotten, fedhas_altar_decomposition
D:7:      layout_loops_ring, lemuel_round_altar,
          minmay_temple_entry_stoned_glass, st_stairs_6, minivault_27,
          uniq_maggie
D:8:      layout_rooms, regret_index_temple_of_mockery, uniq_erica

Skill      XL: |  1  2  3  4  5  6  7  8  9 10 |
---------------+-------------------------------+-----
Ice Magic      | 5 6 7 9 |  9.4
Stealth        | 2 3 4 5 |  5.0
Fighting       | 1 2 3 4 6 7 8 |  8.0
Armour         | 1 2 3 4 5 |  5.4
Spellcasting   | 3 4 5 6 7 |  7.1
Dodging        | 3 4 5 |  5.5
Shields        | 2 3 |  3.2

Action                   |  1- 3 |  4- 6 |  7- 9 | 10-12 || total
-------------------------+-------+-------+-------+-------++-------
Melee: Unarmed           |     6 |    23 |       |       ||    29
       Short sword       |       |    14 |       |       ||    14
       Dagger            |       |     8 |   443 |    53 ||   504
 Cast: Freeze            |    63 |    83 |   100 |    16 ||   262
       Frozen Ramparts   |       |     4 |    21 |     3 ||    28
       Ozocubu's Armour  |       |       |     2 |       ||     2
       Summon Ice Beast  |       |       |     6 |     7 ||    13
Invok: Call Merchant     |       |       |     1 |       ||     1
 Abil: Hop               |       |       |     7 |     1 ||     8
Evoke: Wand              |       |       |     8 |     1 ||     9
  Use: Scroll            |       |    10 |     4 |       ||    14
 Stab: Sleeping          |       |       |     2 |       ||     2
       Distracted        |       |       |     1 |       ||     1
Armor: Robe              |    15 |    14 |    88 |    16 ||   133
Dodge: Dodged            |    48 |    82 |   403 |    64 ||   597
Block: Buckler           |       |       |    10 |    14 ||    24
